 Dungeon Crawl Stone Soup version 0.30.1-11-g7821555f0a (webtiles) character file.

Game seed: 7594935408762038126

30987 booth the Severer (level 13, 0/107 HPs)
             Began as a Demonspawn Gladiator on Dec 25, 2023.
             Was the Champion of Wu Jian.
             Slain by a four-headed hydra (13 damage)
             ... on level 5 of the Lair of Beasts on Dec 27, 2023.
             The game lasted 01:56:32 (15893 turns).

booth the Severer (Demonspawn Gladiator)           Turns: 15893, Time: 01:56:32

Health: 0/107      AC: 14    Str: 18    XL:     13   Next: 23%
Magic:  13/13      EV: 11    Int: 13    God:    Wu Jian [******]
Gold:   898        SH:  0    Dex: 15    Spells: 12/12 levels left

rFire   . . .        p - +0 mace
rCold   + . .        (no shield)
rNeg    . . .        G - +2 ring mail "Rairhut" {*Corrode Fly Str+2}
rPois   .            q - +2 helmet
rElec   .            Y - +0 cloak
rCorr   .            P - +1 pair of gloves of Roil {Regen+ Slay+2}
SInv    .            E - +1 pair of boots
Will    .....        l - amulet of the acrobat
Stlth   +            M - ring of protection from cold
HPRegen 1.17/turn    C - +4 ring of slaying
MPRegen 0.13/turn

%: corrode self (3%), acrobat
@: corroded, flying, studying Maces & Flails
A: yellow scales 2, powered by death 1, demonic magic 2, weakness stinger 2
a: Renounce Religion, Wall Jump, Serpent's Lash, Heavenly Storm


You were on level 5 of the Lair of Beasts.
You worshipped Wu Jian.
Wu Jian was exalted by your worship.
You visited 3 branches of the dungeon, and saw 16 of its levels.

You collected 1114 gold pieces.
You spent 216 gold pieces at shops.

Inventory:

Hand Weapons
 b - the +10 broad axe of the Gloaming {heavy, Dex+2}
   (You acquired it on level 4 of the Dungeon)

   Dex:       It affects your dexterity (+2).
 p - a +0 mace (weapon)
 K - a +4 war axe
Missiles
 d - 6 throwing nets
 v - 32 poisoned darts (quivered)
 B - 2 atropa-tipped darts
 N - a javelin
 V - 2 silver javelins
Armour
 c - the +2 pair of gloves of the Sea {Harm rElec Will+ Int-5 Stlth+}
   (You found it on level 2 of the Dungeon)

   Int:       It affects your intelligence (-5).
   rElec:     It insulates you from electricity.
   Harm:      It increases damage dealt and taken.
   Will:      It increases your willpower.
   Stlth:     It makes you more stealthy.
 q - a +2 helmet (worn)
 r - a +1 ring mail
 E - a +1 pair of boots (worn)
 G - the +2 ring mail "Rairhut" (worn) {*Corrode Fly Str+2}
   (You bought it in a shop on level 7 of the Dungeon)

   Str:       It affects your strength (+2).
   Fly:       It grants you flight.
   *Corrode:  It may corrode you when you take damage.
 J - a +0 hat of willpower
 P - the +1 pair of gloves of Roil (worn) {Regen+ Slay+2}
   (You acquired it on level 3 of the Lair of Beasts)

   Slay:      It affects your accuracy & damage with ranged weapons and melee
   (+2).
   Regen:     It increases your rate of health regeneration.
 Q - a +0 plate armour of fire resistance
 Y - a +0 cloak (worn)
Jewellery
 l - an amulet of the acrobat (around neck)
 n - a +6 ring of strength
 C - a +4 ring of slaying (right hand)
 H - a ring of positive energy
 M - a ring of protection from cold (left hand)
 W - an amulet of magic regeneration
Wands
 f - a wand of digging (6)
 g - a wand of mindburst (9)
 s - a wand of polymorph (9)
 y - a wand of flame (32)
 A - a wand of paralysis (5)
Scrolls
 a - 2 scrolls of poison
 m - 3 scrolls of vulnerability
 o - a scroll of fog
 t - 4 scrolls of torment
 u - 6 scrolls of teleportation
 x - 2 scrolls of immolation
 D - 2 scrolls of magic mapping
 F - a scroll of blinking
 R - a scroll of fear
Potions
 e - 3 potions of flight
 h - a potion of resistance
 i - a potion of magic
 j - a potion of might
 k - 6 potions of curing
 w - a potion of heal wounds
 z - a potion of ambrosia
 I - 2 potions of haste
 L - a potion of berserk rage
 O - a potion of cancellation
 S - a potion of mutation
 T - a potion of lignification {unknown}
Miscellaneous
 U - a phantom mirror
 X - a box of beasts


   Skills:
 + Level 11.6 Fighting
 * Level 15.0 Axes
 + Level 10.8 Throwing
 - Level 2.8 Dodging


You had 12 spell levels left.
You didn't know any spells.
Your spell library contained the following spells:

 Spells                   Type           Power      Damage    Failure   Level
 Beastly Appendage        Tmut           0%         N/A       50%         1
 Freeze                   Ice            0%         1d3       50%         1
 Slow                     Hex            0%         N/A       50%         1
 Blink                    Tloc           0%         N/A       63%         2
 Cigotuvi's Dreadful Rot  Necr/Pois/Air  0%         N/A       63%         2
 Lesser Beckoning         Tloc           0%         N/A       63%         2
 Momentum Strike          Conj/Tloc      0%         3d8       63%         2
 Wereblood                Tmut           0%         N/A       63%         2
 Confusing Touch          Hex            0%         N/A       86%         3
 Frozen Ramparts          Ice            0%         1d1       86%         3
 Hailstorm                Conj/Ice       0%         3d3       86%         3
 Spider Form              Tmut/Pois      0%         N/A       86%         3
 Vampiric Draining        Necr           0%         2d6       86%         3
 Dispel Undead            Necr           0%         3d6       99%         4
 Ice Form                 Ice/Tmut       0%         N/A       99%         4
 Summon Ice Beast         Ice/Summ       0%         N/A       99%         4
 Death Channel            Necr           0%         N/A       100%        6


Dungeon Overview and Level Annotations

Branches:
Dungeon (10/15)            Temple (1/1) D:4            Lair (5/5) D:9
  Swamp (0/4) Lair:2        Snake (0/4) Lair:3          Orc (0/2) D:10
  Slime: Lair:4-5

Altars:
Ashenzari
Cheibriados
Dithmenos
Fedhas
Gozag
Hepliaklqana
Kikubaaqudgha
Makhleb
Nemelex Xobeh
Okawaru
Qazlal
Ru
Sif Muna
Trog
Uskayaw
Vehumet
Wu Jian
Xom
Yredelemnul

Shops:
D:7 *


Innate Abilities, Weirdness & Mutations

You are mostly covered in yellow scales. (AC +3)
You regenerate a little health from kills.
Spells you cast may paralyse nearby enemies.
You have a tail ending in a sharp stinger.


Message History

The four-headed hydra barely misses you. x2
The four-headed hydra closely misses you.
The four-headed hydra completely misses you.
You hit the basilisk but do no damage. You tail-slap the basilisk.
The basilisk is heavily wounded.
The basilisk gazes at you.
You easily resist.
The four-headed hydra bites you.
* * * LOW HITPOINT WARNING * * *
The four-headed hydra bites you but does no damage.
The four-headed hydra bites you.
* * * LOW HITPOINT WARNING * * *
The four-headed hydra bites you but does no damage.
You spin and attack the basilisk.
You sock the basilisk!
The basilisk is severely wounded.
You spin and attack the four-headed hydra.
You hit the four-headed hydra.
The four-headed hydra is moderately wounded.
The basilisk barely misses you. The four-headed hydra bites you.
* * * LOW HITPOINT WARNING * * *
The four-headed hydra bites you.
* * * LOW HITPOINT WARNING * * *
The four-headed hydra bites you but does no damage.
The four-headed hydra completely misses you.
You spin and attack the four-headed hydra.
You sock the four-headed hydra!
The four-headed hydra is heavily wounded.
The four-headed hydra barely misses you.
The four-headed hydra bites you but does no damage.
The four-headed hydra bites you!
* * * LOW HITPOINT WARNING * * *
The four-headed hydra closely misses you.
You spin and attack the basilisk.
You sock the basilisk!
The basilisk is almost dead.
You spin and attack the four-headed hydra.
You hit the four-headed hydra.
The four-headed hydra is heavily wounded.
The basilisk barely misses you.
The four-headed hydra bites you but does no damage.
The four-headed hydra bites you!
You die...

#### ### ### ##.P#
##.#.######.###########P..###
P....#P#.P..#.....#...#..#.#.
...............†.............
...............÷<............
............@D.......†.....#.
.............l.............##
.............................
............................#
...........................P#
.........#.................##
........#####..............#
(.......# ##.............#
......### ##.............#


You could see a four-headed hydra and a basilisk.

Vanquished Creatures
  Gastronok (D:8)
  A hydra (Lair:5)
  Harold (Lair:1)
  2 two-headed ogres
  13 elephants
  A black mamba (Lair:3)
  An ice statue (Lair:4)
  Maggie (D:10)
  Joseph (D:9)
  6 cane toads
  Psyche (D:8)
  A rime drake (Lair:1)
  A freezing wraith (Lair:4)
  3 komodo dragons
  An unseen horror (D:10)
  2 trolls
  4 polar bears (Lair:4)
  A hornet (D:9)
  5 blink frogs (Lair:3)
  5 dream sheep (Lair:3)
  Sigmund (D:3)
  2 shadows (D:10)
  A wraith (D:10)
  4 wyverns
  37 yaks
  3 basilisks
  2 vampire mosquitoes (D:10)
  3 steam dragons (D:8)
  A naga (Lair:3)
  11 water moccasins
  2 orc warriors (D:9)
  A black bear (Lair:2)
  9 ice beasts (Lair:4)
  2 sky beasts (D:7)
  An ogre (D:5)
  10 wolves
  4 centaurs
  3 phantoms
  4 kobold brigands
  11 bullfrogs
  3 scorpions
  14 wights
  12 killer bees
  3 troll zombies (D:10)
  12 electric eels
  2 howler monkeys (D:9)
  2 lava snakes (Lair:3)
  A gnoll bouda (D:6)
  2 hounds
  A jelly (D:5)
  6 orc priests
  3 iguanas
  3 orc wizards
  10 hell rats (Lair:2)
  5 ogre zombies (D:10)
  12 river rats (Lair:2)
  3 adders
  5 gnolls (D:6)
  A shadow imp (D:6)
  4 white imps
  2 ufetubi (D:4)
  A worm (D:5)
  2 dart slugs
  22 orcs
  8 endoplasms
  A giant cockroach (D:1)
  7 goblins
  4 hobgoblins
  21 kobolds
  10 quokkas
  7 ball pythons
  6 bats
  5 frilled lizards
  2 goblin zombies (D:10)
  2 hobgoblin skeletons (D:10)
  5 hobgoblin zombies (D:10)
  An orc skeleton (D:10)
  15 orc zombies (D:10)
  15 rats
404 creatures vanquished.

Vanquished Creatures (others)
  A fire vortex (Lair:3)
1 creature vanquished.

Grand Total: 405 creatures vanquished

Notes
Turn   | Place    | Note
-------+----------+-------------------------------------------
     0 | D:1      | booth the Demonspawn Gladiator began the quest for the Orb.
     0 | D:1      | Reached XP level 1. HP: 16/16 MP: 1/1
   355 | D:1      | Gained mutation: You are partially covered in yellow
                  | scales. (AC +2) [demonic ancestry]
   355 | D:1      | Reached XP level 2. HP: 21/22 MP: 2/2
   391 | D:1      | Reached skill level 3 in Axes
   940 | D:1      | Identified a scroll of acquirement
   940 | D:1      | Acquired a manual of Maces & Flails
  1086 | D:2      | Gained mutation: You have a small tail. [demonic ancestry]
  1086 | D:2      | Reached XP level 3. HP: 25/28 MP: 3/3
  1431 | D:2      | Identified the +2 pair of gloves of the Sea {Harm rElec
                  | Will+ Int-5 Stlth+}
  2017 | D:3      | Noticed Sigmund
  2035 | D:3      | Killed Sigmund
  2036 | D:3      | Reached skill level 4 in Axes
  2036 | D:3      | Gained mutation: You have a tail ending in a sharp stinger.
                  | [demonic ancestry]
  2036 | D:3      | Reached XP level 4. HP: 33/35 MP: 4/4
  2036 | D:3      | Gained mutation: You are mostly covered in yellow scales.
                  | (AC +3) [demonic ancestry]
  2036 | D:3      | Reached XP level 5. HP: 39/41 MP: 5/5
  2516 | D:4      | Reached XP level 6. HP: 15/47 MP: 6/6
  2650 | D:4      | Reached skill level 5 in Axes
  2661 | D:4      | Acquired the +10 broad axe of the Gloaming {heavy, Dex+2}
  2837 | D:4      | Found a staircase to the Ecumenical Temple.
  2850 | Temple   | Entered the Ecumenical Temple
  3081 | D:4      | Gained mutation: You regenerate a little health from kills.
                  | [demonic ancestry]
  3081 | D:4      | Reached XP level 7. HP: 50/54 MP: 7/7
  3225 | D:4      | Found an ornate altar of the Wu Jian Council.
  3442 | D:4      | Found an iron altar of Okawaru.
  3451 | D:4      | Found an opulent altar of Gozag.
  3700 | D:4      | Became a worshipper of the Wu Jian Council
  3728 | D:5      | Entered Level 5 of the Dungeon
  3821 | D:5      | Reached skill level 6 in Axes
  4066 | D:5      | Reached XP level 8. HP: 12/61 MP: 8/8
  4379 | D:5      | Reached skill level 5 in Fighting
  4399 | D:5      | Reached * piety under Wu Jian
  5074 | D:6      | Reached skill level 7 in Axes
  5174 | D:6      | Reached skill level 5 in Throwing
  5677 | D:7      | Reached skill level 8 in Axes
  5854 | D:7      | Reached XP level 9. HP: 69/69 MP: 9/9
  5859 | D:7      | Reached ** piety under Wu Jian
  5924 | D:7      | Found Mumamaan's Assorted Antiques.
  5940 | D:7      | Bought a scroll of teleportation for 54 gold pieces
  5940 | D:7      | Bought a translucent ring mail for 162 gold pieces
  5940 | D:7      | Identified the +2 ring mail "Rairhut" {*Corrode Fly Str+2}
                  | (You bought it in a shop on level 7 of the Dungeon)
  6229 | D:8      | Noticed Gastronok
  6243 | D:8      | Killed Gastronok
  6244 | D:8      | Reached skill level 9 in Axes
  6435 | D:8      | Found a bloodstained altar of Trog.
  6446 | D:8      | Found a blossoming altar of Fedhas.
  6585 | D:8      | Gained mutation: Spells you cast may paralyse adjacent
                  | enemies. [demonic ancestry]
  6585 | D:8      | Reached XP level 10. HP: 79/79 MP: 10/10
  6896 | D:8      | Noticed Psyche
  6912 | D:8      | Killed Psyche
  6913 | D:8      | Reached skill level 10 in Axes
  7512 | D:9      | Noticed Joseph
  7522 | D:9      | Killed Joseph
  7601 | D:9      | Noticed a two-headed ogre
  7612 | D:9      | Killed a two-headed ogre
  7815 | D:9      | Reached skill level 11 in Axes
  7821 | D:9      | Reached *** piety under Wu Jian
  7877 | D:9      | Found a staircase to the Lair.
  8024 | D:9      | Paralysed by a hornet for 3 turns
  8335 | D:9      | Reached XP level 11. HP: 87/87 MP: 11/11
  8970 | D:10     | Entered Level 10 of the Dungeon
  9226 | D:10     | Noticed a two-headed ogre
  9245 | D:10     | Killed a two-headed ogre
  9245 | D:10     | Noticed Maggie
  9269 | D:10     | Killed Maggie
  9270 | D:10     | Reached skill level 12 in Axes
  9303 | D:10     | Reached **** piety under Wu Jian
  9514 | D:10     | Found a staircase to the Orcish Mines.
  9888 | Lair:1   | Entered Level 1 of the Lair of Beasts
 10289 | Lair:1   | Noticed Harold
 10299 | Lair:1   | Killed Harold
 10370 | Lair:1   | Reached skill level 10 in Fighting
 10382 | Lair:1   | Reached skill level 13 in Axes
 10757 | Lair:1   | Gained mutation: Spells you cast may paralyse nearby
                  | enemies. [demonic ancestry]
 10757 | Lair:1   | Reached XP level 12. HP: 97/97 MP: 12/12
 11145 | Lair:1   | Reached ***** piety under Wu Jian
 11904 | Lair:2   | Found a staircase to the Swamp.
 13258 | Lair:3   | Reached skill level 10 in Throwing
 13262 | Lair:3   | Reached skill level 14 in Axes
 13377 | Lair:3   | Found a staircase to the Snake Pit.
 14339 | Lair:3   | Acquired the +1 pair of gloves of Roil {Regen+ Slay+2}
 14695 | Lair:4   | Reached XP level 13. HP: 106/106 MP: 13/13
 15059 | Lair:4   | Reached ****** piety under Wu Jian
 15638 | Lair:4   | Identified the +9 spear of Zeejen {freeze, Will+}
 15664 | Lair:5   | Entered Level 5 of the Lair of Beasts
 15763 | Lair:5   | Reached skill level 15 in Axes
 15888 | Lair:5   | HP: 4/107 [four-headed hydra (2)]
 15893 | Lair:5   | Slain by a four-headed hydra

Illustrated notes

Levels and vault maps discovered:
D:1:      lightli_arrival_noodles, layout_loops_corners,
          hangedman_abyss_or_decor_lesser_grid
D:2:      layout_loops_cross
D:3:      layout_loops_ring, minmay_misc_feat_columns, skrybe_limestone_x,
          uniq_sigmund
D:4:      layout_loops_ring, lemuel_round_altar, mainiacjoe_overflow_swirl,
          minmay_temple_entry_mist
D:5:      layout_basic
D:6:      layout_rooms, kennysheep_generic_room_13
D:7:      layout_basic, serial_shops, shop_statue,
          nicolae_concentric_dashed_squares_mild
D:8:      layout_basic, jmf_multi_god_temple, minmay_misc_feat_five,
          ebering_dispersal_statue_hall, uniq_psyche, uniq_gastronok
D:9:      layout_cave_pools, minmay_lair_entry_grove, serial_bayou,
          serial_bayou_pond_e, serial_bayou_lagoon_a, serial_bayou_shore_a,
          serial_bayou_pond_b, serial_bayou_lagoon_b, kennysheep_windowed_goal,
          uniq_joseph
D:10:     layout_cross, zombieorc2_lemuel, uniq_maggie
Temple:   nicolae_temple_bog_church
Lair:1:   layout_cave_pods, uniq_harold
Lair:2:   lemuel_ratsnest, layout_gridlike, minmay_swamp_entry_eels
Lair:3:   layout_gridlike, guppyfry_snake_entry_garden
Lair:4:   layout_concentric_octagons, ice2_lemuel
Lair:5:   cheibrodos_lair_end_hotspot, layout_regular_city,
          minmay_slime_entry_jelly_boxes, uniq_rupert

Skill      XL: |  1  2  3  4  5  6  7  8  9 10 11 12 13 |
---------------+----------------------------------------+-----
Throwing       | 2 3 4 5 6 8 9 10 | 10.8
Axes           | 3 4 5 6 8 9 11 13 14 15 | 15.0
Fighting       | 3 4 6 7 8 10 11 | 11.6
Dodging        | |  2.8

Action                     |  1- 3 |  4- 6 |  7- 9 | 10-12 | 13-15 || total
---------------------------+-------+-------+-------+-------+-------++-------
  Melee: War axe           |    95 |    52 |   221 |   719 |   103 ||  1190
         Tailslap          |     3 |     7 |    28 |   127 |    23 ||   188
         Punch             |       |     1 |     6 |    10 |     1 ||    18
         Mace              |       |       |       |       |    26 ||    26
  Throw: Dart              |       |     1 |     3 |    14 |       ||    18
         Javelin           |       |       |     1 |     2 |       ||     3
         Throwing net      |       |       |       |     3 |       ||     3
 Invoke: Serpent's Lash    |       |       |       |     3 |       ||     3
Ability: Whirlwind         |       |       |    29 |   263 |    64 ||   356
         Lunge             |       |       |    18 |    60 |    11 ||    89
  Evoke: Wand              |       |       |       |     1 |    40 ||    41
    Use: Scroll            |     4 |     3 |     7 |     9 |     1 ||    24
         Potion            |     1 |     2 |     2 |     2 |     2 ||     9
   Stab: Sleeping          |     2 |       |     4 |     1 |       ||     7
         Distracted        |     1 |       |       |     2 |       ||     3
 Armour: Leather armour    |    45 |     1 |       |       |       ||    46
         Ring mail         |       |    12 |    90 |   293 |   106 ||   501
  Dodge: Dodged            |    75 |    36 |   159 |   362 |    86 ||   718
